[ PARTIDA AOE2 · #473890842 ]
UnrankedTártaros vs Spanish
[ ANÁLISIS DE REPETICIÓN · EXTRAÍDO DE LA PARTIDA GRABADA ]
Feudal
—
Castillos
—
Imperial
—
| APM promedio | 49.9 |
| APM pico | 61 |
| eAPM promedio | 17.7 |
| Aldeanos / militares | 8 / 0 |
Foco
⚔️ 24.5% · 🌾 75.5%
Feudal
—
Castillos
—
Imperial
—
| APM promedio | 24.9 |
| APM pico | 58 |
| eAPM promedio | 5.6 |
| Aldeanos / militares | 4 / 0 |
Foco
⚔️ 9.1% · 🌾 90.9%
Feudal
—
Castillos
—
Imperial
—
| APM promedio | 20.8 |
| APM pico | 34 |
| eAPM promedio | 9.3 |
| Aldeanos / militares | 5 / 0 |
Foco
⚔️ 14.3% · 🌾 85.7%
Feudal
—
Castillos
—
Imperial
—
| APM promedio | 13.8 |
| APM pico | 30 |
| eAPM promedio | 9.3 |
| Aldeanos / militares | 8 / 0 |
Foco
⚔️ 22.6% · 🌾 77.4%
Fishing Ship ×1
Feudal
—
Castillos
—
Imperial
—
| APM promedio | 22.5 |
| APM pico | 48 |
| eAPM promedio | 4.5 |
| Aldeanos / militares | 4 / 0 |
Foco
⚔️ 8.3% · 🌾 91.7%
Feudal
—
Castillos
—
Imperial
—
| APM promedio | 22.0 |
| APM pico | 41 |
| eAPM promedio | 7.6 |
| Aldeanos / militares | 5 / 0 |
Foco
⚔️ 12.5% · 🌾 87.5%
Feudal
—
Castillos
—
Imperial
—
| APM promedio | 36.1 |
| APM pico | 62 |
| eAPM promedio | 7.0 |
| Aldeanos / militares | 4 / 0 |
Foco
⚔️ 0.0% · 🌾 100.0%
Feudal
—
Castillos
—
Imperial
—
| APM promedio | 30.7 |
| APM pico | 64 |
| eAPM promedio | 8.9 |
| Aldeanos / militares | 8 / 0 |
Foco
⚔️ 11.1% · 🌾 88.9%
Fishing Ship ×1
Mapa de la partida
Recursos iniciales + cada clic de construcción. Líneas = muros · curvas = relieve. ◆ oro · ⬟ piedra · ● bayas · ✦ reliquia · ◌ hueco del cierre
Tu base
Base de Sladman
Base de ikaros
Base de zrassin
Base de Don Rats
Base de Pr3dator
Base de viddie
Base de Linuxero
Terreno inicial suavizado · ◌ = hueco del cierre detectado · pasá el cursor para detalles
Inputs por minuto
— Pakal - - Sladman
Build order — Pakal
15 acciones detectadas en el replay
| 0:38 | Construir | Town Center |
| 0:53 | Construir | Dock |
| 0:59 | Construir | House |
| 2:19 | Construir | Palisade Wall |
| 2:20 | Construir | Palisade Wall |
| 2:58 | Crear | Villager (Male) |
| 2:58 | Crear | Villager (Male) |
| 2:58 | Crear | Villager (Male) |
| 2:59 | Crear | Villager (Male) |
| 3:23 | Investigar | Loom |
| 3:27 | Crear | Villager (Male) |
| 3:27 | Crear | Villager (Male) |
| 3:27 | Crear | Villager (Male) |
| 4:33 | Crear | Villager (Male) |
| 5:05 | Construir | House |
Build order — Sladman
7 acciones detectadas en el replay
| 0:16 | Construir | Town Center |
| 1:47 | Construir | Dock |
| 1:49 | Construir | House |
| 2:40 | Crear | Villager (Male) |
| 2:40 | Crear | Villager (Male) |
| 2:57 | Crear | Villager (Male) |
| 3:07 | Crear | Villager (Male) |
Build order — ikaros
8 acciones detectadas en el replay
| 0:15 | Construir | Town Center |
| 0:45 | Construir | Dock |
| 1:22 | Construir | House |
| 2:35 | Crear | Villager (Male) |
| 2:35 | Crear | Villager (Male) |
| 2:35 | Crear | Villager (Male) |
| 2:35 | Crear | Villager (Male) |
| 4:30 | Crear | Villager (Male) |
Build order — zrassin
17 acciones detectadas en el replay
| 0:21 | Construir | Town Center |
| 2:18 | Construir | Dock |
| 2:21 | Construir | House |
| 2:23 | Construir | Palisade Wall |
| 2:25 | Construir | Palisade Wall |
| 2:31 | Construir | Palisade Wall |
| 2:33 | Construir | Palisade Wall |
| 2:41 | Crear | Villager (Male) |
| 2:42 | Crear | Villager (Male) |
| 2:42 | Crear | Villager (Male) |
| 2:42 | Crear | Villager (Male) |
| 2:42 | Crear | Villager (Male) |
| 3:39 | Investigar | Loom |
| 3:44 | Crear | Villager (Male) |
| 3:45 | Crear | Villager (Male) |
| 3:45 | Crear | Villager (Male) |
| 4:08 | Crear | Fishing Ship |
Build order — Don Rats
8 acciones detectadas en el replay
| 0:46 | Construir | Town Center |
| 2:24 | Construir | Dock |
| 2:34 | Construir | House |
| 3:05 | Crear | Villager (Male) |
| 3:05 | Crear | Villager (Male) |
| 3:06 | Crear | Villager (Male) |
| 3:06 | Crear | Villager (Male) |
| 3:44 | Construir | House |
Build order — Pr3dator
9 acciones detectadas en el replay
| 0:36 | Construir | Town Center |
| 0:54 | Construir | Dock |
| 1:01 | Construir | House |
| 2:50 | Investigar | Loom |
| 2:51 | Crear | Villager (Male) |
| 2:51 | Crear | Villager (Male) |
| 3:00 | Crear | Villager (Male) |
| 3:04 | Crear | Villager (Male) |
| 4:39 | Crear | Villager (Male) |
Build order — viddie
6 acciones detectadas en el replay
| 0:38 | Construir | Town Center |
| 1:39 | Construir | House |
| 2:55 | Crear | Villager (Male) |
| 2:55 | Crear | Villager (Male) |
| 2:55 | Crear | Villager (Male) |
| 2:55 | Crear | Villager (Male) |
Build order — Linuxero
11 acciones detectadas en el replay
| 0:05 | Construir | House |
| 0:09 | Construir | Town Center |
| 1:32 | Construir | Dock |
| 2:29 | Crear | Villager (Male) ×4 |
| 3:23 | Crear | Fishing Ship |
| 4:03 | Investigar | Loom |
| 4:11 | Crear | Villager (Male) |
| 4:11 | Crear | Villager (Male) |
| 4:44 | Construir | House |
| 4:51 | Crear | Villager (Male) |
| 5:03 | Crear | Villager (Male) |
Cronología de la partida
| 0:45 | ikaros · first_building Dock |
| 0:53 | Pakal · first_building Dock |
| 0:54 | Pr3dator · first_building Dock |
| 1:32 | Linuxero · first_building Dock |
| 1:47 | Sladman · first_building Dock |
| 2:18 | zrassin · first_building Dock |
| 2:19 | Pakal · wall_segment Palisade Wall x1 |
| 2:20 | Pakal · wall_segment Palisade Wall x1 |
| 2:23 | zrassin · wall_segment Palisade Wall x1 |
| 2:24 | Don Rats · first_building Dock |
| 2:25 | zrassin · wall_segment Palisade Wall x1 |
| 2:31 | zrassin · wall_segment Palisade Wall x1 |
| 2:33 | zrassin · wall_segment Palisade Wall x1 |
| 3:38 | Sladman · resign |
[ ANÁLISIS IA · 1 CRÉDITO ]
¿Qué pasó realmente en esta partida?
Wolo.gg analiza cada decisión: build order, eco, micro, errores típicos por bracket. Análisis personalizado por WhatsApp o Discord en 30 segundos.
Guía civ
Tártaros
Perfil
Jugador #2144637